 Dungeon Crawl Stone Soup version 0.31-a0-851-g7ff8af7976 (webtiles) character file.

Game seed: 3217131099248459053

193 BinkBink the Shooter (level 5, 0/25 HPs)
             Began as a Spriggan Hunter on Oct 5, 2023.
             Was an Initiate of Qazlal.
             Slain by a killer bee (8 damage)
             ... on level 5 of the Dungeon.
             The game lasted 00:05:03 (4039 turns).

BinkBink the Shooter (Spriggan Hunter)              Turns: 4039, Time: 00:05:04

Health: 0/25       AC:  4    Str:  7    XL:     5   Next: 43%
Magic:  6/6        EV: 18    Int: 11    God:    Qazlal [......]
Gold:   297        SH:  0    Dex: 20    Spells: 4/4 levels left

rFire   . . .        a - +0 shortbow
rCold   . . .        (shield currently unavailable)
rNeg    . . .        c - +0 robe
rPois   .            g - +0 hat
rElec   .            o - +1 cloak
rCorr   .            (gloves unavailable)
SInv    +            (boots unavailable)
Will    .....        (no amulet)
Stlth   ++           (no ring)
HPRegen 0.24/turn    (no ring)
MPRegen 0.10/turn

%: no passive effects
@: lethally poisoned (0 -> -6), about to teleport, very quick
A: very small, no large weapons, unfitting armour, see invisible, speed 3
a: Renounce Religion


You were on level 5 of the Dungeon.
You worshipped Qazlal.
Qazlal was noncommittal.
You visited 1 branch of the dungeon, and saw 5 of its levels.

You collected 297 gold pieces.

Inventory:

Hand Weapons
 a - a +0 shortbow (weapon)
Missiles
 p - a throwing net
Armour
 c - a +0 robe (worn)
 g - a +0 hat (worn)
 o - a +1 cloak (worn)
Jewellery
 s - a ring of ice
Scrolls
 b - a scroll of butterflies
 d - 2 scrolls of enchant weapon {unknown}
 e - 8 scrolls of identify
 f - 2 scrolls of noise {unknown}
 i - a scroll of amnesia {unknown}
 k - a scroll of enchant armour {unknown}
 l - 2 scrolls of teleportation
 m - 2 scrolls of poison {unknown}
 u - a scroll of fog {unknown}
 v - a scroll of vulnerability {unknown}
Potions
 h - 4 potions of heal wounds {unknown}
 j - a potion of curing {unknown}
 n - 2 potions of brilliance {unknown}
 q - a potion of magic {unknown}
 r - 2 potions of haste {unknown}
 t - a potion of degeneration {unknown}


   Skills:
 - Level 1.5 Fighting
 * Level 6.8 Ranged Weapons
 - Level 2.6 Dodging
 - Level 1.5 Stealth


You had 4 spell levels left.
You didn't know any spells.
Your spell library contained the following spells:

 Spells                   Type           Power      Damage    Failure   Level
 Shock                    Conj/Air       0%         1d3       34%         1
 Dazzling Flash           Conj/Hex       0%         N/A       71%         3
 Swiftness                Air            0%         N/A       71%         3
 Airstrike                Air            0%         2d(0-16)  98%         4
 Agony                    Necr           0%         N/A       100%        5
 Silence                  Hex/Air        0%         N/A       100%        5


Dungeon Overview and Level Annotations

Branches:
Dungeon (5/15)
 Temple: D:4-7

Altars:
Ashenzari
Makhleb
Qazlal
Ru
Sif Muna
Uskayaw
Vehumet
Wu Jian
Xom
Zin
The Shining One

Shops:
D:1 :   D:2 [

Annotations:
D:5 5 runed translucent doors


Innate Abilities, Weirdness & Mutations

You are very small and have problems with some larger weapons.
You are too small for most types of armour.
You have supernaturally acute eyesight. (SInv)
You cover ground extremely quickly. (Speed+++)


Message History

You shoot an arrow. The arrow hits the orc!
You kill the orc!
Qazlal accepts your kill.
No reachable target in view!
No reachable target in view!
Things that are here:
a +0 hand axe; a +0 scale mail; an orc corpse
Things that are here:
a +0 club; a +0 scale mail; an orc corpse
v - a scroll labelled UTWOESS ERPHE You shoot an arrow.
The arrow barely misses the killer bee.
The killer bee misses you. The killer bee barely misses you.
You shoot an arrow. The arrow hits the killer bee.
The killer bee is moderately wounded.
The killer bee closely misses you. x2
The killer bee misses you.
The killer bee completely misses you. x2
The killer bee attacks as it pursues you!
The killer bee barely misses you.
Things that are here:
a +0 club; a +0 scale mail; an orc corpse
Things that are here:
a +0 hand axe; a +0 scale mail; an orc corpse The killer bee stings you!
You are poisoned.
The killer bee poisons you!
You feel sick.
You feel sick.
The killer bee attacks as it pursues you!
The killer bee stings you.
You are more poisoned.
The killer bee poisons you!
You feel sick.
As you read the scroll labelled REWACV ROTUE, it crumbles to dust.
It is a scroll of identify.
l - 3 scrolls of teleportation You feel sick.
The killer bee barely misses you. x2
As you read the scroll of teleportation, it crumbles to dust.
You feel strangely unstable.
You feel sick. The killer bee stings you!
You die...

#.# ...# s...# ....#.## #.#
...#....|#.....#... # #.#
#..#..#..#..#..#.## ## #.#
#..#..#..#..#..#### .## #.#
#.....#.....#..# # ..# #.#
#.....#hs...#..# # ..#
#.####################..# #
_.####.......................# #
..#..#..........@y...o)).....# #
..#..#.####################..# #
.##..#.# .....#...O.#.....#..# #
###..#.#......#.....#.....#..# #
###..#.#+###..#..#..#..#.(#..####
.......# #..#..#..#..#..#..##..
.....### #..?5.#.....#.....##..
.#.....# $.. #.... #.....##..
.#...#.############# #...


You could see a killer bee and an orc.

Vanquished Creatures
  A hound (D:4)
  An iguana (D:4)
  3 adders
  A shadow imp (D:5)
  3 ufetubi
  2 worms
  A dart slug (D:2)
  6 orcs
  8 ball pythons
  4 endoplasms
  4 giant cockroaches
  4 goblins
  5 hobgoblins
  5 quokkas
  11 bats
  5 frilled lizards
  5 kobolds
  4 rats
73 creatures vanquished.

Notes
Turn   | Place    | Note
-------+----------+-------------------------------------------
     0 | D:1      | BinkBink the Spriggan Hunter began the quest for the Orb.
     0 | D:1      | Reached XP level 1. HP: 10/10 MP: 2/2
   387 | D:1      | Reached XP level 2. HP: 14/14 MP: 3/3
   764 | D:1      | Found Utoch's Book Shoppe.
  1060 | D:2      | Reached skill level 5 in Ranged Weapons
  1168 | D:2      | Found Nukaelat's Antique Armour Shoppe.
  1170 | D:2      | Reached XP level 3. HP: 18/18 MP: 4/4
  1626 | D:2      | Identified the +2 spear "Homi" {drain, rC+ Str+3 Dex+2}
  1919 | D:3      | Reached XP level 4. HP: 22/22 MP: 5/5
  2702 | D:4      | Found a broken altar of Ashenzari.
  2777 | D:4      | Reached skill level 6 in Ranged Weapons
  2881 | D:4      | Reached XP level 5. HP: 20/25 MP: 6/6
  3163 | D:4      | Found a shimmering blue altar of Sif Muna.
  3473 | D:5      | Entered Level 5 of the Dungeon
  3558 | D:5      | Found a radiant altar of Vehumet.
  3562 | D:5      | Found a shimmering altar of Xom.
  3567 | D:5      | Found a burning altar of Makhleb.
  3568 | D:5      | Found a glowing silver altar of Zin.
  3570 | D:5      | Found a hide-covered altar of Uskayaw.
  3571 | D:5      | Found a stormy altar of Qazlal.
  3576 | D:5      | Found an ornate altar of the Wu Jian Council.
  3579 | D:5      | Found a glowing golden altar of the Shining One.
  3589 | D:5      | Became a worshipper of Qazlal Stormbringer
  3655 | D:5      | Found a runed translucent door.
  3655 | D:5      | Noticed a redback
  3655 | D:5      | Noticed a redback
  3659 | D:5      | Found a runed translucent gate.
  3661 | D:5      | Found a runed translucent gate.
  3661 | D:5      | Found a runed translucent gate.
  3663 | D:5      | Noticed a water moccasin
  3665 | D:5      | Noticed a water moccasin
  3671 | D:5      | Found a runed translucent door.
  3740 | D:5      | Found a sacrificial altar of Ru.
  3968 | D:5      | Noticed an ogre
  3980 | D:5      | Noticed an ogre
  3986 | D:5      | Noticed a phantom
  4039 | D:5      | Slain by a killer bee

Illustrated notes

Levels and vault maps discovered:
D:1:      dpeg_arrival_circle_labyrinth_c, layout_basic, serial_shops, shop,
          minmay_misc_feat_room
D:2:      layout_basic, serial_shops, shop
D:3:      layout_basic, minmay_misc_feat_rows, kennysheep_pointless_box,
          nicolae_kite_square_tiling_tiny
D:4:      layout_loops_corners, evilmike_ruin_ashenzari,
          mainiacjoe_overflow_surrounded_room
D:5:      kennysheep_windowed_halls, layout_basic,
          nicolae_overflow_hallway_of_the_gods, amcnicky_altar_gilded,
          minmay_guarded_unrand_staff_of_olgreb

Skill      XL: |  1  2  3  4 |
---------------+-------------+-----
Ranged Weapons | 5 6 |  6.8
Fighting       | |  1.5
Dodging        | |  2.6
Stealth        | |  1.5

Action                     |  1- 3 |  4- 6 || total
---------------------------+-------+-------++-------
   Fire: Shortbow          |    91 |    91 ||   182
    Use: Scroll            |       |     2 ||     2
 Armour: Robe              |     5 |    14 ||    19
  Dodge: Dodged            |    26 |    28 ||    54

Table legend: (Time is in decaauts)
 A = Elapsed time spent in this place.
 B = Non-inter-level travel time spent in this place.
 C = Inter-level travel time spent in this place.
 D = Time resting spent in this place.
 E = Time spent auto-exploring this place.
 F = Levels seen in this place.
 G = Mean time per level.
                   A        B        C        D        E       F      G
               +--------+--------+--------+--------+--------+-----+--------+
         Total |   2589 |   2522 |     67 |      0 |   2116 |   5 |  517.8 |
       Dungeon |   2589 |   2522 |     67 |      0 |   2116 |   5 |  517.8 |
               +--------+--------+--------+--------+--------+-----+--------+

Top non-repeatable levels by time:
     D:2: 660 daAuts
     D:4: 591 daAuts
     D:1: 558 daAuts
     D:3: 421 daAuts
     D:5: 357 daAuts
